 Dungeon Crawl Stone Soup version 0.17-a0-1954-g0dddeaa (webtiles) character file.

81 inmateoo the Grave Robber (level 4, -1/30 HPs)
             Began as a Demonspawn Necromancer on Sept 7, 2015.
             Slain by a jackal (2 damage)
             ... on level 3 of the Dungeon on Oct 3, 2015.
             The game lasted 00:07:42 (2980 turns).

inmateoo the Grave Robber (Demonspawn Necromancer)  Turns: 2980, Time: 00:07:42

Health: -1/30      AC:  3    Str:  8    XL:     4   Next: 20%
Magic:  7/7        EV: 13    Int: 17    God:
Gold:   69         SH:  0    Dex: 14    Spells: 2 memorised, 3 levels left

rFire  . . .     SeeInvis .     (no weapon)
rCold  . . .     Clarity  .     a - +0 robe
rNeg   . . .     SustAt   .     (no shield)
rPois  .         Gourm    .     (no helmet)
rElec  .         Spirit   .     (no cloak)
rCorr  .         Warding  .     (no gloves)
rMut   .         Stasis   .     e - +0 pair of boots
MR     .....                    (no amulet)
Stlth  +++.......               (no ring)
                                g - ring of stealth

@: hasted, very quick, not resistant to hostile enchantments, fairly stealthy
A: talons 1
a: no special abilities


You were on level 3 of the Dungeon.
You were not hungry.

You visited 1 branch of the dungeon, and saw 3 of its levels.

You collected 69 gold pieces.

Inventory:

Armour
 a - a +0 robe (worn)
 e - a +0 pair of boots (worn)
Jewellery
 g - a ring of stealth (left hand)
Scrolls
 k - a scroll of remove curse
 l - 2 scrolls of enchant weapon
Potions
 i - a potion of curing {unknown}
 j - a potion of magic
 m - a potion of might
 n - a potion of agility {unknown}
Books
 b - a book of Necromancy

   Spells                             Type                      Level
   a - Pain                           Necromancy                   1
   b - Animate Skeleton               Necromancy                   1
   c - Vampiric Draining              Necromancy                   3
   d - Regeneration                   Charms/Necromancy            3
   e - Animate Dead                   Necromancy                   4
   f - Control Undead                 Necromancy                   4
Comestibles
 c - 2 bread rations
 d - 2 meat rations
 f - 3 beef jerkies


   Skills:
 + Level 2.4 Dodging
 + Level 2.7 Stealth
 + Level 2.3 Spellcasting
 * Level 5.2 Necromancy


You had 3 spell levels left.
You knew the following spells:

 Your Spells              Type           Power        Failure   Level  Hunger
a - Pain                  Necr           ###.         2%          1    #......
b - Vampiric Draining     Necr           ###.......   10%         3    ###....


Dungeon Overview and Level Annotations

Branches:
Dungeon (3/15)

Altars:
Qazlal


Innate Abilities, Weirdness & Mutations

You have sharp toenails.


Message History

You hit the jackal.
The jackal is almost dead.
The jackal barely misses you. The quokka barely misses you.
The jackal barely misses you.
You hit the jackal but do no damage.
The jackal is almost dead.
The jackal bites you. The quokka bites you.
You hit the jackal but do no damage.
The jackal is almost dead.
The jackal barely misses you. The quokka bites you.
* * * LOW HITPOINT WARNING * * *
You are too injured to fight recklessly!
The jackal closely misses you. The jackal closely misses you.
The quokka bites you.
* * * LOW HITPOINT WARNING * * *
Drink which item? (? for menu, Esc to quit)
It was a potion of haste.
You feel yourself speed up. The jackal bites you.
* * * LOW HITPOINT WARNING * * *
The quokka misses you. The jackal bites you.
You die...

#.## # .... #
#.#..# ##. .
..# ....#....
#...#<##
#.....# #@.#
#hr# #..#
########."#
.......<..#
#####[.........
#.######... #.
..# . ##


You could see a quokka and a jackal.

Vanquished Creatures
  2 adders (D:2)
  A worm (D:2)
  A giant gecko (D:1)
  A giant cockroach (D:1)
  10 hobgoblins
  6 jackals (D:2)
  3 quokkas (D:2)
  5 bats
  4 giant newts
  8 goblins
  8 kobolds
  9 rats
58 creatures vanquished.

Notes
Turn   | Place    | Note
--------------------------------------------------------------
     0 | D:1      | inmateoo the Demonspawn Necromancer began the quest for the Orb.
     0 | D:1      | Reached XP level 1. HP: 13/13 MP: 3/3
   514 | D:1      | Gained mutation: You have sharp toenails. [demonic ancestry]
   514 | D:1      | Reached XP level 2. HP: 17/19 MP: 1/5
   783 | D:1      | You fall through a shaft!
  1271 | D:2      | Found a stormy altar of Qazlal.
  1392 | D:2      | Reached XP level 3. HP: 21/24 MP: 2/6
  1961 | D:2      | Reached skill level 5 in Necromancy
  2082 | D:2      | Learned a level 3 spell: Vampiric Draining
  2454 | D:2      | Reached XP level 4. HP: 20/30 MP: 1/7
  2672 | D:2      | Upgraded the game from 0.17-a0-1769-g54adf96 to 0.17-a0-1805-g6093636
  2672 | D:2      | Upgraded the game from 0.17-a0-1805-g6093636 to 0.17-a0-1954-g0dddeaa
  2980 | D:3      | HP: 1/30 [jackal (3)]
  2980 | D:3      | Slain by a jackal

Vault maps used:
D:1:      scummos_arrival_simple_crosswalls
D:2:      lemuel_doored_altar, minmay_joined_circles
D:3:      first_bread, hangedman_abyss_or_decor_stabs, grunt_decor_cap

Action                   |  1- 3 |  4- 6 || total
-------------------------+-------+-------++-------
Melee: Unarmed           |    24 |   111 ||   135
 Cast: Pain              |    76 |       ||    76
       Vampiric Draining |     1 |     4 ||     5
  Use: Scroll            |     4 |       ||     4
       Potion            |     2 |     1 ||     3
 Stab: Sleeping          |       |     1 ||     1
  Eat: Chunk             |     5 |     3 ||     8
